 Dungeon Crawl Stone Soup version 0.28.0-45-g0d030f2227 (webtiles) character file.

Game seed: 887773889607529951

2019 sking99 the Martial Artist (level 9, -2/69 HPs)
             Began as a Merfolk Transmuter on May 20, 2022.
             Slain by an ice beast (8 damage)
             ... on level 6 of the Dungeon.
             The game lasted 00:15:37 (9240 turns).

sking99 the Martial Artist (Merfolk Transmuter)     Turns: 9240, Time: 00:15:38

Health: -2/69      AC:  2    Str: 10    XL:     9   Next: 23%
Magic:  12/12      EV: 27    Int: 18    God:
Gold:   1038       SH:  0    Dex: 24    Spells: 6/12 levels left

rFire   . . .      SeeInvis .     - Unarmed
rCold   . . .      Faith    .   (shield currently unavailable)
rNeg    . . .      Spirit   .   (armour currently unavailable)
rPois   x          Reflect  .   (helmet currently unavailable)
rElec   .          Harm     .   (cloak currently unavailable)
rCorr   .          Rampage  .   (gloves currently unavailable)
Will    .....                   (boots currently unavailable)
Stlth   ++........              m - amulet of magic regeneration
HPRegen 0.21/turn               r - +6 ring of intelligence
MPRegen 0.53/turn               (no ring)

@: spider-form (expiring)
A: venomous fangs, tiny, (nimble swimmer 2), (mertail)
a: End Transformation


You were on level 6 of the Dungeon.
You were a venomous arachnid creature.
You visited 1 branch of the dungeon, and saw 6 of its levels.

You collected 1038 gold pieces.

Inventory:

Armour
 a - a +0 robe (melded)
 c - a +0 kite shield
 l - the +0 cloak "Uhownyn" (melded) {Regen+ Str+5 Dex+6}
   (You acquired it on level 5 of the Dungeon)

   Str:       It affects your strength (+5).
   Dex:       It affects your dexterity (+6).
   Regen:     It increases your rate of health regeneration.
 n - a +1 helmet (melded)
Jewellery
 b - an amulet of guardian spirit
 h - an amulet of the acrobat
 m - an amulet of magic regeneration (around neck)
 r - a +6 ring of intelligence (left front leg)
Wands
 f - a wand of polymorph (8)
 s - a wand of acid (3)
Scrolls
 i - 2 scrolls of teleportation
Potions
 d - 2 potions of might
 e - 4 potions of attraction
 g - a potion of lignification {unknown}
 j - a potion of cancellation {unknown}
 k - 2 potions of haste {unknown}
 o - a potion of ambrosia {unknown}
 p - a potion of curing
 q - 2 potions of invisibility
 t - a potion of mutation {unknown}


   Skills:
 + Level 5.8 Fighting
 + Level 7.4 Dodging
 * Level 9.0 Unarmed Combat
 - Level 2.0 Spellcasting
 - Level 5.0 Transmutations
 - Level 4.0 Poison Magic


You had 6 spell levels left.
You knew the following spells:

 Your Spells              Type           Power      Damage    Failure   Level
a - Beastly Appendage     Tmut           38%        N/A       9%          1
b - Wereblood             Tmut           19%        N/A       12%         2
c - Spider Form           Tmut/Pois      18%        N/A       22%         3

Your spell library contained the following spells:

 Spells                   Type           Power      Damage    Failure   Level
 Shock                    Conj/Air       4%         1d3       38%         1
 Static Discharge         Conj/Air       1%         N/A       47%         2
 Dazzling Flash           Conj/Hex       2%         N/A       69%         3
 Swiftness                Air            1%         N/A       69%         3
 Ice Form                 Ice/Tmut       10%        N/A       75%         4
 Airstrike                Air            0%         N/A       96%         4
 Dispel Undead            Necr           1%         3d6       96%         4
 Iskenderun's Mystic Bla  Conj/Tloc      1%         2d3       96%         4
 Sticky Flame             Conj/Fire      1%         2d3       96%         4
 Starburst                Conj/Fire      0%         6d3       100%        6


Dungeon Overview and Level Annotations

Branches:
Dungeon (6/15)
 Temple: D:4-7

Altars:


Innate Abilities, Weirdness & Mutations

You are a venomous arachnid creature.
You have poisonous fangs.
You are tiny and dextrous.
Your spellcasting is less reliable in this form.
Your armour is entirely melded.
You are incapable of wielding weapons or throwing items.
((You are very nimble when in or above water. (Stealth+, EV+, Speed+++)))
((Your lower body shifts to a powerful aquatic tail in water.))


Message History

The killer bee is poisoned.
The killer bee is almost dead.
You feel sick.
You kill the killer bee!
The killer bee closely misses you.
You miss the killer bee.
You feel sick. The killer bee barely misses you.
The killer bee completely misses you. The ice beast hits you.
The ice beast freezes you!
You hit the killer bee.
The killer bee is poisoned.
The killer bee is moderately wounded.
You feel sick. The killer bee misses you. The ice beast closely misses you.
The killer bee completely misses you.
You hit the killer bee.
The killer bee looks as sick as possible!
The killer bee is heavily wounded.
Your transformation is almost over.
The killer bee closely misses you. The ice beast completely misses you.
You bite the ice beast!
The ice beast is heavily wounded.
You feel sick.
You kill the killer bee!
Your Unarmed Combat skill increases to level 9!
You hit the ice beast.
The ice beast is severely wounded.
You feel sick.
The bullfrog skeleton barely misses you.
The ice beast barely misses you.
You hit the ice beast but do no damage.
The ice beast is poisoned.
The ice beast is severely wounded.
You feel sick.
The bullfrog skeleton completely misses you.
The ice beast hits you.
* * * LOW HITPOINT WARNING * * *
The ice beast freezes you!
* * * LOW HITPOINT WARNING * * *
The bullfrog skeleton closely misses you.
You feel better. The ice beast hits you.
* * * LOW HITPOINT WARNING * * *
The ice beast freezes you!
You die...

....>..........##.....#.....
......#........###...###....
......y...# #.........####..
........####.........#####
#....##.##..###.........
#....(..................
#.....Z#............#...
.....##..##........[#######
###......Ys....#..###
#.......Z#...#####
#........#...#
#...#..####..### ########
#....# #...## ##.## ###


You could see an ice beast (very poisoned) and a bullfrog skeleton.

Vanquished Creatures
  Sigmund (D:4)
  Eustachio (D:5)
  3 vampire mosquitoes (D:5)
  A water moccasin (D:5)
  A black bear (D:4)
  A necrophage (D:4)
  An ogre (D:6)
  A centaur (D:5)
  A phantom (D:5)
  6 killer bees (D:6)
  A howler monkey (D:4)
  A centaur zombie (D:5)
  A hound (D:5)
  A jelly (D:5)
  A gnoll shaman (D:3)
  An orc priest (D:3)
  5 orc wizards
  A hound skeleton (D:5)
  8 gnolls
  5 adders
  A white imp (D:5)
  2 ufetubi
  A worm (D:2)
  4 dart slugs
  21 orcs
  5 endoplasms
  2 giant cockroaches
  7 goblins
  8 hobgoblins
  4 quokkas
  3 ball pythons
  4 bats
  2 frilled lizards
  A jackal skeleton (D:4)
  5 kobolds
  3 rats
  A bush (D:3)
116 creatures vanquished.

Vanquished Creatures (others)
  A quokka (D:4)
  8 fungi (D:3)
  6 plants (D:3)
  4 toadstools (D:3)
19 creatures vanquished.

Grand Total: 135 creatures vanquished

Notes
Turn   | Place    | Note
-------+----------+-------------------------------------------
     0 | D:1      | sking99 the Merfolk Transmuter began the quest for the Orb.
     0 | D:1      | Reached XP level 1. HP: 15/15 MP: 3/3
   137 | D:1      | Reached XP level 2. HP: 16/21 MP: 5/5
   923 | D:2      | Reached skill level 4 in Unarmed Combat
   923 | D:2      | Reached XP level 3. HP: 18/27 MP: 4/6
  1039 | D:2      | Learned a level 2 spell: Wereblood
  1043 | D:2      | Learned a level 3 spell: Spider Form
  1527 | D:2      | Reached skill level 1 in Poison Magic
  1580 | D:2      | Reached XP level 4. HP: 20/33 MP: 5/7
  3142 | D:3      | Reached XP level 5. HP: 37/38 MP: 5/8
  3380 | D:3      | Found a faded altar of an unknown god.
  4836 | D:3      | Found a faded altar of an unknown god.
  5086 | D:3      | Reached skill level 5 in Transmutations
  5467 | D:3      | Reached XP level 6. HP: 23/44 MP: 5/9
  6034 | D:4      | Noticed Sigmund
  6290 | D:4      | Killed Sigmund
  6291 | D:4      | Reached skill level 5 in Unarmed Combat
  6291 | D:4      | Reached XP level 7. HP: 8/51 MP: 7/10
  6865 | D:4      | Identified 3 scrolls of acquirement
  6865 | D:4      | Acquired 653 gold pieces
  6975 | D:4      | Reached skill level 6 in Unarmed Combat
  7418 | D:5      | Entered Level 5 of the Dungeon
  7493 | D:5      | Noticed Eustachio
  7540 | D:5      | Reached skill level 5 in Dodging
  7846 | D:5      | Reached XP level 8. HP: 47/60 MP: 8/11
  8110 | D:5      | Reached skill level 7 in Unarmed Combat
  8471 | D:5      | HP: 3/61 [poisoned by Eustachio]
  8474 | D:5      | Killed Eustachio
  8475 | D:5      | Reached skill level 5 in Fighting
  8475 | D:5      | Reached skill level 8 in Unarmed Combat
  8815 | D:5      | Reached XP level 9. HP: 44/68 MP: 12/12
  9050 | D:5      | Acquired the +1 cloak of Luiq {Stlth+}
  9051 | D:5      | Acquired the +0 cloak "Uhownyn" {Regen+ Str+5 Dex+6}
  9238 | D:6      | Reached skill level 9 in Unarmed Combat
  9239 | D:6      | HP: 2/69 [ice beast (14)]
  9240 | D:6      | Slain by an ice beast

Illustrated notes

Levels and vault maps discovered:
D:1:      dpeg_arrival_tiny_j, layout_basic
D:2:      layout_basic
D:3:      layout_rooms, serial_forest, infiniplex_forest_lined_3,
          infiniplex_forest_zigzag_1, infiniplex_forest_end_double,
          infiniplex_forest_clump_curved, infiniplex_forest_end_1,
          basic_ecumenical_altar, minmay_gold_behind_fungi, minivault_26,
          nicolae_elevator_lobby_asterisk
D:4:      layout_loops_cross, uniq_sigmund
D:5:      layout_basic, uniq_eustachio
D:6:      layout_cave_pools, temple_green

Skill      XL: |  1  2  3  4  5  6  7  8  9 |
---------------+----------------------------+-----
Dodging        | 3 4 5 6 7 |  7.4
Unarmed Combat | 4 5 6 8 9 |  9.0
Transmutations | 3 4 5 |  5.0
Poison Magic   | 1 2 3 4 |  4.0
Fighting       | 2 3 5 |  5.8
Spellcasting   | |  2.0

Action                   |  1- 3 |  4- 6 |  7- 9 || total
-------------------------+-------+-------+-------++-------
Melee: Unarmed           |    79 |   228 |   181 ||   488
       Punch             |     5 |    11 |       ||    16
       Headbutt          |    10 |    14 |       ||    24
 Cast: Beastly Appendage |    17 |    21 |       ||    38
       Spider Form       |       |    11 |    21 ||    32
  Use: Scroll            |       |     1 |     9 ||    10
       Potion            |       |     1 |     5 ||     6
Armor: Robe              |    16 |    25 |     1 ||    42
       Skin              |       |     5 |     9 ||    14
Dodge: Dodged            |    47 |   187 |   254 ||   488
